 Dungeon Crawl Stone Soup version 0.29-a0-322-g68df515428 (webtiles) character file.

Game seed: 1437782125774982902

17792 jt the Severer (level 12, 0/96 HPs)
             Began as a Deep Dwarf Delver on Apr 8, 2022.
             Was a Believer of Yredelemnul.
             Killed from afar by an electric eel (5 damage)
             ... with a bolt of electricity
             ... on level 3 of the Lair of Beasts.
             The game lasted 00:35:55 (8369 turns).

jt the Severer (Deep Dwarf Delver)                  Turns: 8369, Time: 00:35:57

Health: 0/96       AC: 15    Str: 21    XL:     12   Next: 22%
Magic:  3/9        EV: 13    Int: 11    God:    Yredelemnul [**....]
Gold:   754        SH:  5    Dex: 14    Spells: 21/21 levels left

rFire   . . .      SeeInvis .   Z - +1 hand axe (flame)
rCold   . . .      Faith    +   T - +0 buckler
rNeg    . . .      Spirit   .   k - +3 leather armour {rPois}
rPois   +          Reflect  .   d - +2 hood of the Assassin {Detection Stab+ Stlth++}
rElec   .          Harm     .   f - scarf {repulsion}
rCorr   .          Rampage  .   j - +1 pair of gloves
Will    ++...      Clarity  +   b - +0 pair of boots
Stlth   +++++.....              n - amulet of faith
HPRegen 0.00/turn               s - ring of willpower
MPRegen 0.11/turn               L - +4 ring of protection

@: repel missiles
A: damage resistance, heal wounds, sense surroundings 2, no regeneration,
clarity, MP-powered wands
a: Heal Wounds, Renounce Religion, Recall Undead Harvest, Dark Bargain


You were on level 3 of the Lair of Beasts.
You worshipped Yredelemnul.
Yredelemnul was pleased with you.
You visited 2 branches of the dungeon, and saw 12 of its levels.
You also visited: Sewer.

You collected 754 gold pieces.

Inventory:

Hand Weapons
 a - a +0 war axe
 i - a +3 vorpal flail
 x - a +1 hunting sling of flaming
 V - a +2 flail of freezing
 Y - a +2 spear of pain
 Z - a +1 hand axe of flaming (weapon)
Missiles
 o - 3 silver boomerangs (quivered)
 v - 8 atropa-tipped darts
 w - 20 poisoned darts
 M - 9 boomerangs
Armour
 b - a +0 pair of boots (worn)
 d - the +2 hood of the Assassin (worn) {Detection Stab+ Stlth++}
   (You found it in a sewer)

   It allows the wearer to sense nearby creatures.
   It allows the wearer to make particularly effective stabbing attacks against
   helpless or unaware enemies with any weapon.
   Stlth:     It makes you much more stealthy.
 f - a scarf of repulsion (worn)
 j - a +1 pair of gloves (worn)
 k - a +3 leather armour of poison resistance (worn)
 t - a +0 plate armour
 C - a scarf of invisibility
 T - a +0 buckler (worn)
Magical Staves
 B - a staff of poison
Jewellery
 n - an amulet of faith (around neck)
 s - a ring of willpower (left hand)
 z - a ring of fire
 F - a ring of protection from fire
 L - a +4 ring of protection (right hand)
 U - a ring of fire
Wands
 g - a wand of digging (7)
 p - a wand of mindburst (3)
 D - a wand of iceblast (1)
 N - a wand of polymorph (15)
 S - a wand of flame (9)
Scrolls
 c - 3 scrolls of fog
 e - a scroll of summoning
 h - a scroll of fear
 q - 6 scrolls of magic mapping
 r - 2 scrolls of enchant weapon
 y - 5 scrolls of teleportation
 E - 2 scrolls of blinking
 G - 2 scrolls of enchant armour
 O - a scroll of immolation
 P - a scroll of vulnerability
 R - a scroll of torment
 X - 2 scrolls of brand weapon
Potions
 l - 3 potions of haste
 m - a potion of curing
 u - 2 potions of heal wounds
 A - 2 potions of might
 H - 2 potions of attraction
 I - 3 potions of brilliance
 J - a potion of ambrosia {unknown}
 Q - 3 potions of mutation
 W - a potion of resistance


   Skills:
 - Level 2.6 Fighting
 + Level 15.1 Axes
 - Level 2.0 Throwing
 - Level 2.0 Armour
 - Level 5.0 Dodging
 - Level 6.0 Stealth
 - Level 6.0 Shields
 - Level 5.0 Spellcasting
 + Level 14.2 Invocations


You had 21 spell levels left.
You didn't know any spells.
Your spell library contained the following spells:

 Spells                   Type           Power      Damage    Failure   Level
 Magic Dart               Conj           8%         1d3       30%         1
 Slow                     Hex            8%         N/A       30%         1
 Call Imp                 Summ           2%         N/A       43%         2
 Static Discharge         Conj/Air       2%         N/A       43%         2
 Confusing Touch          Hex            2%         N/A       67%         3
 Dazzling Flash           Conj/Hex       4%         N/A       67%         3
 Mephitic Cloud           Conj/Pois/Air  2%         N/A       67%         3
 Vampiric Draining        Necr           2%         2d6       67%         3
 Fulminant Prism          Conj/Hex       1%         3d6       97%         4
 Iskenderun's Mystic Bla  Conj/Tloc      2%         2d3       97%         4
 Agony                    Necr           2%         N/A       100%        5
 Freezing Cloud           Conj/Ice/Air   1%         6-21      100%        5
 Lee's Rapid Deconstruct  Erth           1%         3d5*      100%        5
 Lightning Bolt           Conj/Air       1%         1d12      100%        5
 Silence                  Hex/Air        1%         N/A       100%        5
 Simulacrum               Ice/Necr       1%         N/A       100%        6
 Borgnjor's Revivificati  Necr           1%         N/A       100%        8
 Maxwell's Capacitive Co  Air            1%         ∞         100%        8
 Necromutation            Tmut/Necr      1%         N/A       100%        8
 Death's Door             Necr           1%         N/A       100%        9
 Polar Vortex             Ice            1%         N/A       100%        9


Dungeon Overview and Level Annotations

Branches:
Dungeon (9/15)             Temple (0/1) D:7            Lair (3/6) D:9
  Swamp (0/4) Lair:3       Spider (0/4) Lair:3        Sewer (visited)
    Orc: D:9-12

Altars:
Fedhas
Hepliaklqana
Makhleb
Qazlal
Uskayaw
Vehumet
Yredelemnul

Shops:
D:4 *?*


Innate Abilities, Weirdness & Mutations

You are resistant to damage.
You can heal yourself by infusing magical energy.
You passively map the area around you.
You do not regenerate.
You possess an exceptional clarity of mind.
You expend magic power (3 MP) to strengthen your wands.


Message History

Okay, then. 2 electric eels come into view.
Found a staircase to the Swamp.
The electric eel shoots out a bolt of lightning at you!
The bolt of electricity hits your electric eel zombie!
The bolt of electricity hits you!
* * * LOW HITPOINT WARNING * * *
The bolt of electricity hits your water moccasin zombie!
Your water moccasin zombie is destroyed!
The electric eel shoots out a bolt of lightning at you!
The bolt of electricity hits the electric eel.
The electric eel completely resists.
The bolt of electricity hits you.
* * * LOW HITPOINT WARNING * * *
The electric eel shoots out a bolt of lightning at you!
The bolt of electricity hits you. x2
You fail to use your ability.
Your electric eel zombie is engulfed in a cloud of scalding steam.
The electric eel shoots out a bolt of lightning at you!
The bolt of electricity is repelled.
The bolt of electricity misses you.
The electric eel shoots out a bolt of lightning at you!
The bolt of electricity hits the electric eel.
The electric eel completely resists.
The bolt of electricity hits your electric eel zombie!
Your electric eel zombie is destroyed!
The bolt of electricity hits you!
* * * LOW HITPOINT WARNING * * *
The electric eel is engulfed in a cloud of scalding steam.
You feel much better.
The electric eel shoots out a bolt of lightning at you!
The bolt of electricity hits you!
* * * LOW HITPOINT WARNING * * *
The bolt of electricity hits you.
The electric eel shoots out a bolt of lightning at you!
The bolt of electricity hits you!
* * * LOW HITPOINT WARNING * * *
The bolt of electricity hits your wyvern zombie!
The electric eel shoots out a bolt of lightning at you!
The bolt of electricity hits you.
You die...
Your body rises from the dead as a mindless zombie.

**, , ,, #....§.§. #...§§§§. ,*
....§SS§≈ ### ### #...§S§§≈ *
###Z# #.### ....§SS§§ ### #..##
##..# #...§§§≈. ..# ##ZZ# ##Z#
#........, #.# ##Z## #ZZ#
#@#...... #.#
##.Z######Z#####Z#..P#..####.###
.#..Z.#.....#.{..#{..#.#.##..#.##
............Z..................Z.
###.#####P#.P..###.#.........Z#.#
###.# ####P.## #......^....###
#..# #..# #P..........# ##.# * #*
##..####...........#
##..###.##.#P.#..P.#..........###


You could see 5 electric eels and a friendly wyvern zombie.

Vanquished Creatures
  3 hydras
  Erica (D:8)
  2 death yaks (Lair:3)
  A cyclops (D:7)
  3 komodo dragons
  A rime drake (Lair:3)
  A troll (D:6)
  A polar bear (Lair:1)
  Prince Ribbit (D:8)
  A hornet (D:9)
  6 dream sheep
  A wraith (D:9)
  9 yaks
  A basilisk (Lair:2)
  A steam dragon (D:7)
  Edmund (D:5)
  An acid dragon (D:6)
  10 water moccasins
  2 orc warriors (D:8)
  2 sky beasts
  2 black bears
  2 ogres
  3 wolves (Lair:3)
  4 centaurs
  3 phantoms
  A necrophage (D:4)
  4 bullfrogs
  3 kobold brigands (D:9)
  A gnoll sergeant (D:9)
  3 wights
  3 killer bees (D:9)
  5 howler monkeys
  6 electric eels
  The ghost of A55 the Vexing, a weakling DEAM (D:3)
  A crimson imp (D:8)
  2 hounds (D:5)
  A human zombie (D:4)
  2 jellies
  A gnoll shaman (D:5)
  An orc priest (D:5)
  2 iguanas
  2 scorpion zombies (D:4)
  8 orc wizards
  3 mummies (D:4)
  A hound zombie (D:4)
  9 gnolls
  9 adders
  A white imp (D:7)
  An ufetubus (D:5)
  3 adder zombies (D:4)
  2 dart slugs
  15 orcs
  17 ball pythons
  14 endoplasms
  10 giant cockroaches
  7 goblins
  11 hobgoblins
  16 kobolds
  13 quokkas
  7 bats
  10 frilled lizards
  5 rats
264 creatures vanquished.

Vanquished Creatures (collateral kills)
  A death yak (Lair:3)
  The ghost of kae the Arsonist, a novice TeFE of Sif Muna (D:8)
  A lindwurm (Lair:3)
  A cyclops (D:8)
  A cane toad (Lair:2)
  A rime drake (Lair:3)
  2 dream sheep
  2 wyverns
  A yak (Lair:2)
  2 water moccasins (Lair:2)
  An ice beast (D:7)
  A black bear (D:8)
  2 wolves (Lair:3)
  A bullfrog (D:8)
  A gnoll sergeant (D:8)
  2 wights (D:9)
  4 killer bees
  A jelly (D:7)
  A killer bee zombie (D:8)
  14 orcs
41 creatures vanquished.

Vanquished Creatures (others)
  A bullfrog (D:6)
  A water moccasin zombie (Lair:3)
  A yak zombie (D:6)
  A wolf zombie (Lair:3)
  A centaur zombie (D:6)
  A killer bee zombie (D:9)
  An adder (D:6)
  An adder zombie (D:6)
  4 electric eel zombies
  2 gnoll zombies (D:9)
  8 orc zombies
  16 fungi
  32 plants
70 creatures vanquished.

Grand Total: 375 creatures vanquished

Notes
Turn   | Place    | Note
-------+----------+-------------------------------------------
     0 | D:5      | jt the Deep Dwarf Delver began the quest for the Orb.
     0 | D:5      | Reached XP level 1. HP: 20/20 MP: 1/1
    25 | D:5      | Noticed a gnoll shaman
    31 | D:5      | Noticed a hound
    66 | D:5      | Found a glowing drain.
    70 | Sewer    | Entered a sewer
    95 | Sewer    | Reached skill level 3 in Axes
   104 | Sewer    | Reached XP level 2. HP: 24/27 MP: 2/2
   164 | Sewer    | Reached XP level 3. HP: 22/33 MP: 3/3
   181 | Sewer    | Reached skill level 4 in Axes
   372 | Sewer    | Found the +2 hood of the Assassin {Detection Stab+ Stlth++}
   374 | Sewer    | Noticed a bullfrog
   377 | Sewer    | Noticed a bullfrog
   389 | Sewer    | Killed a bullfrog
   390 | Sewer    | Reached skill level 5 in Axes
   390 | Sewer    | Reached XP level 4. HP: 35/40 MP: 2/2
   398 | Sewer    | Killed a bullfrog
   399 | Sewer    | Reached skill level 6 in Axes
   399 | Sewer    | Reached XP level 5. HP: 27/46 MP: 3/3
   504 | D:5      | Reached skill level 7 in Axes
   504 | D:5      | Reached XP level 6. HP: 32/55 MP: 3/3
   572 | D:5      | Reached skill level 8 in Axes
   574 | D:5      | Noticed Edmund
   594 | D:5      | HP: 1/55 [Edmund/+1 flail of holy wrath (9)]
   599 | D:5      | Killed Edmund
   600 | D:5      | Reached XP level 7. HP: 22/61 MP: 3/3
   882 | D:3      | Found a hide-covered altar of Uskayaw.
   966 | D:3      | Found a large runed translucent door.
   966 | D:3      | Found a large runed translucent door.
   971 | D:3      | Noticed A55's ghost (weakling DEAM)
  1179 | D:2      | Reached skill level 9 in Axes
  2056 | D:3      | Killed A55's ghost
  2057 | D:3      | Reached skill level 1 in Throwing
  2164 | D:4      | Reached skill level 1 in Spellcasting
  2202 | D:4      | Found Ynwiy's Magic Scroll Emporium.
  2203 | D:4      | Found Neiklool's General Store.
  2203 | D:4      | Found Heetejil's General Store.
  2689 | D:4      | Reached XP level 8. HP: 35/68 MP: 5/7
  2708 | D:4      | Found a basalt altar of Yredelemnul.
  2726 | D:4      | Became a worshipper of Yredelemnul the Dark
  2998 | D:5      | Reached * piety under Yredelemnul
  3026 | D:5      | Reached skill level 10 in Axes
  3079 | D:5      | Reached skill level 1 in Armour
  3079 | D:5      | Reached skill level 1 in Invocations
  3101 | D:5      | Reached ** piety under Yredelemnul
  3160 | D:5      | Found a stormy altar of Qazlal.
  3228 | D:5      | Found a hazy altar of Hepliaklqana.
  3579 | D:6      | Found a blossoming altar of Fedhas.
  3601 | D:6      | Noticed a troll
  3607 | D:6      | Gained mutation: You have hidden genetic potential. [potion
                  | of mutation]
  3617 | D:6      | Killed a troll
  3618 | D:6      | Gained mutation: You passively map the area around you.
                  | [Deep Dwarf growth]
  3618 | D:6      | Reached XP level 9. HP: 35/74 MP: 8/8
  3647 | D:6      | Identified the +2 robe of Chimes {Will+}
  3976 | D:7      | Reached skill level 5 in Dodging
  3976 | D:7      | Reached skill level 5 in Invocations
  3982 | D:7      | Gained mutation: You expend magic power (3 MP) to
                  | strengthen your wands. [hidden potential]
  4064 | D:7      | Reached skill level 11 in Axes
  4163 | D:7      | Noticed a cyclops
  4167 | D:7      | Killed a cyclops
  4168 | D:7      | Reached skill level 5 in Spellcasting
  4182 | D:7      | Found a staircase to the Ecumenical Temple.
  4466 | D:8      | Noticed a komodo dragon
  4466 | D:8      | Found a transporter.
  4468 | D:8      | Killed a komodo dragon
  4469 | D:8      | Reached XP level 10. HP: 50/81 MP: 9/9
  4469 | D:8      | Found a transporter.
  4469 | D:8      | Noticed kae's ghost (novice TeFE)
  4471 | D:8      | Noticed a cyclops
  4480 | D:8      | Noticed Prince Ribbit
  4486 | D:8      | Killed Prince Ribbit
  4487 | D:8      | Noticed Erica
  4499 | D:8      | Killed Erica
  4500 | D:8      | Reached skill level 12 in Axes
  4558 | D:8      | Gained mutation: You possess an exceptional clarity of
                  | mind. [hidden potential]
  4558 | D:8      | Lost mutation: You have hidden genetic potential. [hidden
                  | potential expressed]
  4711 | D:8      | Reached *** piety under Yredelemnul
  4874 | D:8      | Found a burning altar of Makhleb.
  4875 | D:8      | Found a radiant altar of Vehumet.
  4966 | D:8      | Killed a cyclops
  4969 | D:8      | Killed kae's ghost
  4970 | D:8      | Reached skill level 10 in Invocations
  5085 | D:9      | Reached skill level 1 in Shields
  5091 | D:9      | Reached skill level 13 in Axes
  5163 | D:9      | Noticed a three-headed hydra
  5169 | D:9      | Killed a one-headed hydra
  5170 | D:9      | Reached XP level 11. HP: 63/88 MP: 10/10
  5176 | D:9      | Reached **** piety under Yredelemnul
  5327 | D:9      | Found a staircase to the Lair.
  5418 | D:9      | Reached ***** piety under Yredelemnul
  5741 | Lair:1   | Entered Level 1 of the Lair of Beasts
  6684 | Lair:2   | Reached skill level 5 in Shields
  7542 | Lair:3   | Reached skill level 14 in Axes
  7552 | Lair:3   | Noticed a four-headed hydra
  7570 | Lair:3   | Killed a one-headed hydra
  7639 | Lair:3   | Noticed a death yak
  7640 | Lair:3   | Noticed a death yak
  7641 | Lair:3   | Noticed a death yak
  7654 | Lair:3   | Killed a death yak
  7655 | Lair:3   | Killed a death yak
  7664 | Lair:3   | Killed a death yak
  7786 | Lair:3   | Reached XP level 12. HP: 65/96 MP: 1/9
  7881 | Lair:3   | Noticed an eight-headed hydra
  7894 | Lair:3   | Killed a two-headed hydra
  7908 | Lair:3   | Found a hole to the Spider Nest.
  8113 | Lair:3   | HP: 2/96 [lindwurm/blast of flame (31)]
  8121 | Lair:3   | Reached skill level 15 in Axes
  8367 | Lair:3   | Found a staircase to the Swamp.
  8369 | Lair:3   | Killed from afar by an electric eel

Illustrated notes

Levels and vault maps discovered:
D:1:      scummos_arrival_simple_fountains, layout_rooms
D:2:      layout_rooms
D:3:      layout_rooms, lemuel_round_altar, ebering_ghost_disaster_area
D:4:      corexii_shack_village, layout_basic,
          lemuel_mausoleum_altar_yredelemnul, nicolae_wooded_promenade
D:5:      layout_basic, kennysheep_mini, nicolae_qazlal_general_emergency,
          gup_sewer_entry_bowl, serial_bayou_pond_d, uniq_edmund
D:6:      kennysheep_big_flooded_room, layout_rooms,
          mainiacjoe_overflow_concentric_impassable, zin_treasury,
          serial_bayou_pond_a, uniq_crazy_yiuf_cottage
D:7:      layout_gridville, minmay_temple_entry_steel_oval
D:8:      layout_basic, grunt_temple_overflow_lords_of_destruction,
          gammafunk_ghost_arena, uniq_prince_ribbit1, uniq_erica
D:9:      layout_basic, lair_entry_dummy, hangedman_ranch
Lair:1:   layout_cave_pods, serial_bayou_shore_a, grunt_megastairs_2,
          serial_bayou_shore_b
Lair:2:   layout_loops_ring
Lair:3:   layout_small_grid, minmay_swamp_entry_eels,
          spider_nest_entry_web_field

Skill      XL: |  1  2  3  4  5  6  7  8  9 10 11 12 |
---------------+-------------------------------------+-----
Axes           | 3 5 6 7 8 9 10 11 13 14 15 | 15.1
Throwing       | 2 |  2.0
Spellcasting   | 2 3 5 |  5.0
Armour         | 2 |  2.0
Invocations    | 3 7 10 13 14 | 14.2
Dodging        | 4 5 |  5.0
Shields        | 2 6 |  6.0
Fighting       | |  2.6
Stealth        | |  6.0

Action                   |  1- 3 |  4- 6 |  7- 9 | 10-12 || total
-------------------------+-------+-------+-------+-------++-------
Melee: Hand axe          |   124 |    56 |       |   264 ||   444
       Punch             |       |     3 |     3 |       ||     6
       Flail             |       |    31 |     9 |       ||    40
       War axe           |       |       |   275 |    78 ||   353
 Fire: Hunting sling     |       |       |    34 |       ||    34
Throw: Boomerang         |       |       |    39 |    16 ||    55
       Dart              |       |       |     6 |     7 ||    13
Invok: Recall Undead Har |       |       |     3 |     3 ||     6
       Dark Bargain      |       |       |       |     2 ||     2
       Drain Life        |       |       |       |     6 ||     6
 Abil: Heal Wounds       |     2 |     5 |    17 |    11 ||    35
Evoke: Wand              |       |       |       |     3 ||     3
  Use: Scroll            |     2 |     1 |    13 |     5 ||    21
       Potion            |     1 |       |     2 |     3 ||     6
 Stab: Sleeping          |     3 |       |    38 |    13 ||    54
       Distracted        |       |       |     2 |     2 ||     4
       Invisible         |       |       |       |     7 ||     7
Armor: Leather armour    |    42 |       |   142 |   120 ||   304
       Scale mail        |       |    30 |       |       ||    30
       Skin              |       |       |    25 |       ||    25
Dodge: Dodged            |    91 |    51 |   177 |   183 ||   502
       Repelled          |       |       |       |     2 ||     2
Block: Buckler           |       |       |       |    76 ||    76

Table legend: (Time is in decaauts)
 A = Elapsed time spent in this place.
 B = Non-inter-level travel time spent in this place.
 C = Inter-level travel time spent in this place.
 D = Time resting spent in this place.
 E = Time spent auto-exploring this place.
 F = Levels seen in this place.
 G = Mean time per level.
                   A        B        C        D        E       F      G
               +--------+--------+--------+--------+--------+-----+--------+
         Total |   8380 |   8059 |    321 |     66 |   4438 |  13 |  644.6 |
       Dungeon |   5386 |   5110 |    276 |     14 |   2536 |   9 |  598.4 |
          Lair |   2564 |   2519 |     45 |     46 |   1902 |   3 |  854.7 |
         Sewer |    429 |    429 |      0 |      6 |      0 |   1 |  429.0 |
               +--------+--------+--------+--------+--------+-----+--------+

Top non-repeatable levels by time:
     D:5: 1077 daAuts
  Lair:1: 915 daAuts
  Lair:2: 846 daAuts
     D:4: 836 daAuts
  Lair:3: 803 daAuts
     D:9: 695 daAuts
     D:7: 591 daAuts
     D:8: 563 daAuts
     D:2: 474 daAuts
     D:3: 451 daAuts
   Sewer: 429 daAuts
     D:1: 398 daAuts
     D:6: 298 daAuts
